 Dungeon Crawl Stone Soup version 0.21-a0-498-g1b60429 (webtiles) character file.

16 tidbits the Insei (level 2, 20/43 HPs)
             Began as a Gnoll Monk on Nov 24, 2017.
             Quit the game on level 2 of the Dungeon.
             The game lasted 00:01:53 (257 turns).

tidbits the Insei (Gnoll Monk)                       Turns: 257, Time: 00:01:53

Health: 20/43      AC: 21    Str: 13    XL:     2   Next: 54%
Magic:  2/2        EV:  2    Int: 12    God:
Gold:   36         SH:  0    Dex: 17    Spells: 1/1 levels left

rFire    . . .     SeeInvis .     - Unarmed
rCold    . . .     Gourm    .   (no shield)
rNeg     + + +     Faith    .   (armour currently unavailable)
rPois    +         Spirit   .   (helmet currently unavailable)
rElec    .         Reflect  .   (cloak currently unavailable)
rCorr    .         Harm     .   (gloves currently unavailable)
MR       .....     NoTele   +   (boots currently unavailable)
Stlth    +++.......             g - amulet of inaccuracy (curse)
HPRegen  0.14/turn              (no ring)
MPRegen  0.08/turn              (no ring)

@: tree-form
A: distributed training, strong nose
a: no special abilities


You were on level 2 of the Dungeon.
You were not hungry.
You were a tree.
You visited 1 branch of the dungeon, and saw 3 of its levels.

You collected 36 gold pieces.

Inventory:

Missiles
 b - 21 stones (quivered)
 e - 27 arrows
 h - a throwing net {!f}
Armour
 a - a +0 robe (melded)
Jewellery
 g - a cursed amulet of inaccuracy (around neck)
   (You found it on level 2 of the Dungeon)
Scrolls
 i - a scroll of magic mapping
Comestibles
 c - 2 bread rations
 d - a royal jelly


   Skills:
 + Level 6.5 Fighting
 + Level 0.4 Short Blades
 + Level 0.4 Long Blades
 + Level 0.4 Axes
 + Level 0.4 Maces & Flails
 + Level 0.4 Polearms
 + Level 0.4 Staves
 + Level 0.4 Slings
 + Level 0.4 Bows
 + Level 0.4 Crossbows
 + Level 0.4 Throwing
 + Level 0.4 Armour
 + Level 6.5 Dodging
 + Level 4.1 Stealth
 + Level 0.4 Shields
 + Level 6.5 Unarmed Combat
 + Level 0.4 Spellcasting
 + Level 0.2 Conjurations
 + Level 0.2 Hexes
 + Level 0.2 Charms
 + Level 0.2 Summonings
 + Level 0.2 Necromancy
 + Level 0.2 Translocations
 + Level 0.2 Transmutations
 + Level 0.2 Fire Magic
 + Level 0.2 Ice Magic
 + Level 0.2 Air Magic
 + Level 0.2 Earth Magic
 + Level 0.2 Poison Magic
 + Level 0.5 Invocations
 + Level 0.4 Evocations


You had one spell level left.
You didn't know any spells.

Dungeon Overview and Level Annotations

Branches:
Dungeon (3/15)

Altars:


Innate Abilities, Weirdness & Mutations

Your experience applies equally to all skills.
((You have very sharp teeth.))
Your uncanny sense of smell can sniff out nearby items.


Message History

Adjust (i)tems, (s)pells, or (a)bilities?
Adjust which item? (? for menu, Esc to quit)
b - 2 bread rations Adjust to which letter? (? for menu, Esc to quit)
c - 2 bread rations;
b - 21 stones (quivered)
Wield which item (- for none, * to show all)? (? for menu, Esc to quit)
b - 21 stones (in branch)
You swing at nothing.
You swing at nothing.
You swing at nothing.
You swing at nothing.
You swing at nothing.
You swing at nothing.
You swing at nothing.
You swing at nothing.
You swing at nothing.
You swing at nothing.
You swing at nothing.
You swing at nothing.
You swing at nothing.
You swing at nothing.
You swing at nothing.
You swing at nothing.
Your transformation is almost over.
You swing at nothing.
You swing at nothing.
You swing at nothing.
You swing at nothing.
You swing at nothing.
You swing at nothing.
You feel less wooden.
Your +0 robe unmelds from your body.
Wield which item (- for none, * to show all)? (? for menu, Esc to quit)
You are now empty-handed.
Found an escape hatch in the floor.
A kobold comes into view. It is wielding a club.
A gnoll comes into view.
The gnoll moves out of view. 2 gnolls come into view.
The gnoll moves out of view.
A gnoll comes into view. It is wielding a spear.
The gnoll shouts!
The kobold barely misses you. The kobold closely misses you.
Found 9 gold pieces.
You see here 9 gold pieces.
You now have 36 gold pieces (gained 9).
Found a throwing net.
The kobold closely misses you.
A worm comes into view.
The gnoll shouts!
You hear a shout!
A kobold comes into view. It is wielding a club.
The kobold shouts!
You see here a throwing net {!f}.
h - a throwing net {!f} The kobold hits you with a club.
The kobold hits you with a club.
A quokka comes into view.
Found 2 scrolls labeled CAMMU LA LOE.
Found a whip.
The quokka closely misses you.
You see here a scroll labeled CAMMU LA LOE.
As you read the scroll labeled CAMMU LA LOE, it crumbles to dust.
You feel aware of your surroundings.
It was a scroll of magic mapping.
The quokka bites you. The kobold hits you with a club.
The quokka barely misses you.
Found a stone staircase leading down.
The quokka bites you. The quokka misses you. The quokka barely misses you.
Found a stone staircase leading up.
The quokka misses you.
You see here a scroll of magic mapping.
i - a scroll of magic mapping The quokka bites you.
* * * LOW HITPOINT WARNING * * *
Okay, then.
You turn into a tree.
Your +0 robe melds into your body.
Your roots penetrate the ground.
The quokka bites you but does no damage.
You barely miss the quokka.
The quokka bites you but does no damage.
You miss the quokka.
The quokka bites you but does no damage.
Wield which item (- for none, * to show all)? (? for menu, Esc to quit)
Okay, then.
You smack the quokka!
You kill the quokka!
You hit the kobold.
The kobold is severely wounded.
The kobold hits you but does no damage.
You closely miss the kobold.
The kobold is severely wounded.
You closely miss the kobold.
The kobold is severely wounded.
The kobold hits you but does no damage.
You smack the kobold!
You kill the kobold!
You cannot move.
Are you sure you want to abandon this character and quit the game? (Confirm with "yes".)

#*.# *,*
##.#####***,**********
......w∆..*,,,,,,,,,,*
......#*.#*..###****,*
.##...#*.##....,,,**,*
.##...#*.##...#**,,,,*
.##...##.##...# ******
###...#..##...#######
......#.###.....♣)..#
###....g.....######.#
#......#.......##.#
**#..#...#...###....#
#......#.#..##..K..##
#...##.#.#.g##K###.#
#...##.#.#..##.#,#.#
#.####...#.g##K#,#.#**
#.,,,....#..##.#,..<,*


There were no monsters in sight!

Vanquished Creatures
  An adder (D:2)
  3 hobgoblins (D:2)
  A quokka (D:2)
  A frilled lizard (D:2)
  A kobold (D:2)
7 creatures vanquished.

Notes
Turn   | Place    | Note
-------+----------+-------------------------------------------
     0 | D:1      | tidbits the Gnoll Monk began the quest for the Orb.
     0 | D:1      | Reached XP level 1. HP: 23/23 MP: 1/1
   158 | D:2      | Reached XP level 2. HP: 29/29 MP: 2/2
   257 | D:2      | Quit the game

Vault maps used:
D:1:      dpeg_arrival_snail
D:2:      minmay_kobold_bridge
D:3:      chequers_ecumenical_altar_simple_redux, first_bread, uniq_sigmund

Action                   || total
-------------------------++-------
Melee: Unarmed           ||    19
       Bite              ||     1
  Use: Scroll            ||     2
       Potion            ||     2
Armor: Skin              ||     6
Dodge: Dodged            ||    12

Table legend:
 A = Spawn XP
 B = Non-spawn XP
 C = Spawn XP percentage of total XP
 D = Spawn monster count
 E = Non-spawn monster count
 F = Spawn count percentage of total count
 G = Total turns spent on level
                    A         B        C        D         E        F      G
               +---------+---------+-------+---------+---------+-------+---------
         Total |       0 |      23 |   0.0 |       0 |       7 |   0.0 |   257
               +---------+---------+-------+---------+---------+-------+---------
           D:2 |       0 |      23 |   0.0 |       0 |       7 |   0.0 |   195
               +---------+---------+-------+---------+---------+-------+---------

Table legend:
 A = Turns spent in this place as a percentage of turns spent in the entire game.
 B = Non-inter-level travel turns spent in this place as a percentage of non-inter-level travel turns spent in the entire game.
 C = Inter-level travel turns spent in this place as a percentage of turns spent in this place.
 D = Turns resting spent in this place as a percentage of non-inter-level travel turns spent in this place.
 E = Turns spent auto-exploring this place as a percentage of non-inter-level travel turns spent in this place.
 F = Non-inter-level travel turns spent in this place divided by the number of levels of this place that you've seen.
                   A       B       C       D       E      F
               +-------+-------+-------+-------+-------+----------------------
         Total | 100.0 | 100.0 |   0.0 |   0.0 |   0.0 |  85.7
       Dungeon | 100.0 | 100.0 |   0.0 |   0.0 |   0.0 |  85.7
               +-------+-------+-------+-------+-------+----------------------

Table legend:
 A = Kills in this place as a percentage of kills in entire the game.
 B = Kills by you in this place as a percentage of kills by you in the entire game.
 C = Kills by friends in this place as a percentage of kills by friends in the entire game.
 D = Other kills in this place as a percentage of other kills in the entire game.
 E = Experience gained in this place as a percentage of experience gained in the entire game.
 F = Experience gained in this place divided by the number of levels of this place that you have seen.
                   A       B       C       D       E      F
               +-------+-------+-------+-------+-------+----------------------
         Total | 100.0 | 100.0 |   N/A |   N/A | 100.0 |   7.7
       Dungeon | 100.0 | 100.0 |   N/A |   N/A | 100.0 |   7.7
               +-------+-------+-------+-------+-------+----------------------

Vault maps used:
D:1:      dpeg_arrival_snail
D:2:      minmay_kobold_bridge
D:3:      chequers_ecumenical_altar_simple_redux, first_bread, uniq_sigmund
